[Event "Team 45 45 League T37"]
[Site "Internet Chess Club"]
[Date "2008.05.04"]
[Round "2"]
[White "jjmolina"]
[Black "oldsj"]
[Result "1-0"]
[WhiteElo "1626"]
[BlackElo "1464"]
[Opening "Bishop's opening: Berlin defense"]
[ECO "C24"]
[Time "13:56:20"]
[TimeControl "2700+45"]

1. e4 e5 2. Bc4 Nf6 3. d3 Nc6 4. Nc3 Bc5 5. Bg5 d6 6. Nd5 Be6 7. Nf3 h6 8. Be3
b6 9. Bb5 Bd7 10. c3 Bxe3 11. Nxe3 Ne7 12. Bc4 c6 13. Bb3 O-O 14. Nd2 Ng6 15. g3
b5 16. Qf3 a5 17. Nf5 a4 18. Bc2 Be6 19. a3 d5 20. Ne3 Qd7 21. Nf5 Qd8 22. O-O-O
c5 23. exd5 Bxd5 24. Ne4 Kh8 25. Qe2 Be6 26. Ne3 Nxe4 27. dxe4 Qc7 28. Qxb5 Rfb8
29. Qe2 Qb7 30. Bb1 Bb3 31. Rd2 Rd8 32. Nd5 Bxd5 33. exd5 Ne7 34. Rhd1 Qc7 35.
d6 Qb7 36. dxe7 Qxe7 37. Rxd8+ Rxd8 38. Rxd8+ Qxd8 39. Qxe5 c4 40. Qe4 g6 41.
Qxc4 Qd7 42. Qd4+ {Black resigns} 1-0

[Event "Team 45 45 League T37"]
[Site "Internet Chess Club"]
[Date "2008.05.05"]
[Round "2"]
[White "alegro"]
[Black "Gil-galad"]
[Result "0-1"]
[WhiteElo "2047"]
[BlackElo "2089"]
[Opening "Sicilian: dragon, classical, Réti-Tartakower variation"]
[ECO "B74"]
[Time "14:56:49"]
[TimeControl "2700+45"]

1. e4 c5 2. Nf3 d6 3. d4 cxd4 4. Nxd4 Nf6 5. Nc3 g6 6. Be2 Bg7 7. O-O O-O 8. Be3
Nc6 9. Nb3 Be6 10. f4 Qc8 11. Kh1 Rd8 12. Qe1 d5 13. f5 gxf5 14. exf5 Bxf5 15.
Qg3 Bxc2 16. Nd4 Bg6 17. Rac1 Qd7 18. h4 Nxd4 19. Bxd4 Nh5 20. Bxh5 Bxd4 21. Bg4
Qd6 22. Qf3 Bf6 23. h5 Be4 24. Nxe4 dxe4 25. Qxe4 Qd4 26. Qf3 Qxb2 27. Rb1 Qxa2
28. Rxb7 Qd5 29. Qxd5 Rxd5 30. Bf3 Ra5 31. Rg1 Kg7 32. Rd1 Rc8 33. Kh2 Ra3 34.
Rdd7 a5 35. Rd5 a4 36. Ra7 Rc2 37. Bd1 Rc4 38. Bf3 Ra1 39. Rda5 Rh4+ 40. Kg3 Rc4
41. R7a6 a3 42. Rxa3 Rxa3 43. Rxa3 Bh4+ 44. Kh3 Bf2 45. g3 Bd4 46. Ra6 e6 47.
Rc6 Rxc6 48. Bxc6 f5 49. Kg2 Kf6 50. Kf3 Kg5 51. Bd7 e5 52. h6 e4+ 53. Kg2 Bc5
54. Be6 Bf8 55. Kf2 Bxh6 56. Bg8 Bg7 57. Bxh7 Be5 58. Bg8 Kg4 59. Ke3 Bxg3 60.
Bd5 Bf4+ 61. Ke2 Bd6 62. Bc6 Bc5 63. Bd5 Kf4 64. Bc6 Ke5 65. Bd7 f4 66. Bg4 Kf6
67. Kf1 Kg5 68. Be2 f3 69. Bc4 Kf4 70. Bb5 e3 71. Bd3 Ke5 72. Bb5 Kd4 73. Ba6
Kc3 74. Bb7 e2+ 75. Ke1 Kd3 76. Ba6+ Ke3 77. Bxe2 Bb4+ {White resigns} 0-1

[Event "Team 45 45 League T37"]
[Site "Internet Chess Club"]
[Date "2008.05.02"]
[Round "2"]
[White "The7thGuest"]
[Black "RedAttack"]
[Result "0-1"]
[WhiteElo "1987"]
[BlackElo "2037"]
[Opening "Sicilian defense"]
[ECO "B20"]
[Time "10:56:20"]
[TimeControl "2700+45"]

1. e4 c5 2. a3 e6 3. b4 cxb4 4. axb4 Bxb4 5. Bb2 Nf6 6. e5 Nd5 7. c4 Ne7 8. Nc3
O-O 9. Ne4 b6 10. Qh5 Bb7 11. Nf6+ gxf6 12. exf6 Nf5 13. Bd3 Qc7 14. Bxf5 Bxd2+
15. Kd1 exf5 16. Nf3 Bf4 17. Qxf5 Kh8 18. Bc1 Bxc1 19. Rxc1 Qd6+ 20. Kc2 Nc6 21.
Rhd1 Qe6 22. Qg5 Rg8 23. Qh4 Ne5 24. Nxe5 Qxe5 25. Re1 Qg5 26. Qd4 Bc6 27. Re7
Raf8 28. Rce1 Rg6 29. Re8 Rfg8 30. Rxg8+ Rxg8 31. Re3 Qxg2 32. Qh4 Qg5 33. Qd4
Qf5+ 34. Kc3 Qxf2 35. Qe5 a5 36. Rg3 Rxg3+ 37. hxg3 Qf3+ 38. Kb2 Qg4 39. Qb8+
Qg8 40. Qxb6 a4 41. Qc7 Qf8 42. c5 Qe8 43. Qf4 Qe2+ 44. Ka1 Qd1+ 45. Kb2 Qb3+
46. Kc1 a3 47. Qg4 Qc3+ {White resigns} 0-1

[Event "Team 45 45 League T37"]
[Site "Internet Chess Club"]
[Date "2008.05.10"]
[Round "2"]
[White "cesaralexander"]
[Black "baumhauer"]
[Result "0-1"]
[WhiteElo "1997"]
[BlackElo "1992"]
[Opening "Nimzo-Indian: classical variation"]
[ECO "E32"]
[Time "08:37:49"]
[TimeControl "2700+45"]

1. d4 Nf6 2. c4 e6 3. Nc3 Bb4 4. Qc2 O-O 5. a3 Bxc3+ 6. Qxc3 b6 7. Bg5 Bb7 8. f3
d5 9. e3 Nbd7 10. Bd3 Rc8 11. cxd5 exd5 12. Bf5 Ra8 13. Ne2 h6 14. Bxd7 hxg5 15.
Bc6 Bxc6 16. Qxc6 Re8 17. Kf2 Re6 18. Qc3 Qe7 19. Ng3 g6 20. Rhe1 Re8 21. Rac1
c6 22. Re2 Nd7 23. Rce1 f5 24. Qd3 Nf6 25. h3 Kg7 26. Qc2 Qc7 27. Rc1 Rf8 28.
Qb3 Ne4+ 29. Nxe4 fxe4 30. Qxd5 Rff6 31. Qxg5 exf3 32. gxf3 Rf5 33. Qg3 Qf7 34.
Kg2 Qe7 35. Kf2 Rg5 36. Qh2 Rf6 37. e4 Qf8 38. Re3 Qh8 39. Rh1 Qh4+ 40. Ke2 Rg3
41. b4 Qg5 42. Kd3 Rfxf3 43. Rxf3 Rxf3+ 44. Kc2 Rg3 45. Kb1 Qe3 46. Qc2 Qxa3 47.
Qa2 Qxb4+ 48. Kc1 Rc3+ 49. Kd1 Qxd4+ 50. Ke1 Qxe4+ 51. Kf2 Rc2+ {White resigns}
0-1

[Event "Team 45 45 League T37"]
[Site "Internet Chess Club"]
[Date "2008.05.01"]
[Round "2"]
[White "rubo"]
[Black "frank001"]
[Result "0-1"]
[WhiteElo "1754"]
[BlackElo "1776"]
[Opening "Bird's opening"]
[ECO "A03"]
[Time "23:02:10"]
[TimeControl "2700+45"]

1. f4 d5 2. Nf3 Nf6 3. e3 Bg4 4. b3 Nbd7 5. Bb2 e6 6. Be2 Bd6 7. O-O c6 8. Ne5
Bxe2 9. Qxe2 Qc7 10. Ng4 O-O-O 11. Nxf6 Nxf6 12. d4 Rdg8 13. c4 Kb8 14. Nd2 h6
15. c5 Be7 16. f5 Re8 17. fxe6 fxe6 18. Nf3 Nd7 19. b4 a6 20. a4 Bf6 21. b5 e5
22. bxc6 Qxc6 23. Qd2 exd4 24. exd4 Re4 25. Rfe1 Rhe8 26. Rxe4 Rxe4 27. Kf2 Ka7
28. a5 Qb5 29. Bc3 Nxc5 30. Ra2 Nd3+ 31. Kg3 Be7 32. Ne5 Bd6 33. h3 g5 34. Kh2
Nf4 35. Nf7 Bc7 36. Rb2 Nd3+ 37. Ne5 Nxb2 38. Qxb2 Qxb2 39. Bxb2 Bxa5 40. Nf3
Bc7+ 41. Kg1 Bd6 42. Kf2 b5 43. Nd2 Re8 44. Nb3 Kb6 45. Bc3 b4 46. Bd2 a5 47.
Be3 Kb5 48. g3 a4 49. Nd2 b3 50. Nxb3 axb3 51. Bc1 Kc4 52. Bb2 Kd3 {White
resigns} 0-1

[Event "Team 45 45 League T37"]
[Site "Internet Chess Club"]
[Date "2008.05.04"]
[Round "2"]
[White "XelNaga"]
[Black "pollock"]
[Result "1-0"]
[WhiteElo "2248"]
[BlackElo "2098"]
[Opening "Nimzo-Indian: 4.e3 O-O, 5.Bd3"]
[ECO "E47"]
[Time "05:06:36"]
[TimeControl "2700+45"]

1. d4 Nf6 2. c4 e6 3. Nc3 Bb4 4. e3 O-O 5. Bd3 Bxc3+ 6. bxc3 b6 7. Nf3 Ba6 8. e4
Ne8 9. e5 f5 10. Bg5 Qc8 11. Be7 Rf7 12. Ba3 c5 13. Ng5 Rf8 14. h4 h6 15. Nf3 d6
16. O-O Nc6 17. Qe2 dxe5 18. Nxe5 Nd6 19. Nxc6 Qxc6 20. Qxe6+ Kh8 21. Rad1 Rae8
22. Qd5 Qxd5 23. cxd5 Bxd3 24. Rxd3 Nb5 25. c4 Nxd4 26. Rxd4 cxd4 27. Bxf8 Rxf8
28. Rd1 Kg8 29. Rxd4 Kf7 30. Kf1 Ke7 31. Ke2 Kd6 32. h5 Re8+ 33. Kd2 Kc5 34. Kc3
Re2 35. d6 Re8 36. d7 Rd8 37. Rd5+ Kc6 38. Kd4 a6 39. a4 Rxd7 40. Rxd7 Kxd7 41.
Kd5 f4 42. g3 fxg3 43. fxg3 Kc7 44. Ke6 Kc6 45. Kf7 Kc5 46. Kxg7 Kxc4 47. g4 b5
48. axb5 axb5 49. g5 hxg5 50. h6 b4 51. h7 b3 52. h8=Q b2 53. Qh1 Kb3 54. Qb1 g4
55. Kf6 g3 56. Ke5 g2 57. Kd4 g1=Q+ 58. Qxg1 Ka2 59. Qg2 Ka1 60. Qa8+ Kb1 61.
Kc3 {Black resigns} 1-0

[Event "Team 45 45 League T37"]
[Site "Internet Chess Club"]
[Date "2008.05.04"]
[Round "2"]
[White "Raisingthebar"]
[Black "cappelo-upgrate"]
[Result "0-1"]
[WhiteElo "1944"]
[BlackElo "2150"]
[Opening "Caro-Kann: advance variation"]
[ECO "B12"]
[Time "14:03:22"]
[TimeControl "2700+45"]

1. e4 c6 2. d4 d5 3. e5 c5 4. c3 Nc6 5. Nf3 Bg4 6. e6 Bxe6 7. dxc5 Nf6 8. Be2 g6
9. Be3 Bg7 10. O-O O-O 11. Nbd2 Bc8 12. Bd4 Qc7 13. b4 e5 14. Be3 {White
resigns} 0-1

[Event "Team 45 45 League T37"]
[Site "Internet Chess Club"]
[Date "2008.05.03"]
[Round "2"]
[White "frothyjowels"]
[Black "EtchenBABABA"]
[Result "1-0"]
[WhiteElo "2163"]
[BlackElo "1966"]
[Opening "Sicilian defense"]
[ECO "B20"]
[Time "23:02:30"]
[TimeControl "2700+45"]

1. e4 c5 2. d3 g6 3. Nf3 Bg7 4. c3 Nc6 5. Nbd2 e6 6. g3 Nge7 7. Bg2 O-O 8. O-O
Rb8 9. a4 a6 10. Re1 b5 11. axb5 axb5 12. Nb3 c4 13. dxc4 bxc4 14. Nbd4 Ne5 15.
Nxe5 Bxe5 16. Ra4 Qc7 17. Qe2 Bxd4 18. cxd4 c3 19. bxc3 Qxc3 20. Ba3 Re8 21. h4
Qb3 22. Qc4 Qxc4 23. Rxc4 Nc6 24. Bd6 Rb3 25. Ra1 Bb7 26. d5 exd5 27. exd5 Nd8
28. Rc7 Rd3 29. Rxd7 Bxd5 30. Bxd5 Rxd5 31. Ra8 {Black resigns} 1-0

[Event "Team 45 45 League T37"]
[Site "Internet Chess Club"]
[Date "2008.05.05"]
[Round "2"]
[White "vvsi"]
[Black "touchthis"]
[Result "0-1"]
[WhiteElo "1774"]
[BlackElo "1830"]
[Opening "Levitsky attack (Queen's bishop attack)"]
[ECO "D00"]
[Time "23:27:47"]
[TimeControl "2700+45"]

1. d4 d5 2. Bg5 f6 3. Bf4 c5 4. e3 Nc6 5. Nf3 Bg4 6. Be2 e6 7. c4 cxd4 8. exd4
Bb4+ 9. Nc3 Nge7 10. a3 Bxc3+ 11. bxc3 O-O 12. cxd5 exd5 13. O-O Rc8 14. h3 Bh5
15. g4 Bf7 16. Qd2 Ng6 17. Bg3 Qd7 18. h4 Na5 19. Rab1 Nc4 20. Bxc4 Rxc4 21. g5
fxg5 22. h5 Nh4 23. Ne5 Qh3 24. Qxg5 Qg2# {White checkmated} 0-1

[Event "Team 45 45 League T37"]
[Site "Internet Chess Club"]
[Date "2008.05.04"]
[Round "2"]
[White "frothyjowels"]
[Black "Zornorph"]
[Result "1-0"]
[WhiteElo "2175"]
[BlackElo "2055"]
[Opening "Philidor: exchange variation"]
[ECO "C41"]
[Time "13:01:28"]
[TimeControl "2700+45"]

1. e4 e5 2. Nf3 d6 3. d4 exd4 4. Nxd4 Nf6 5. Nc3 Be7 6. Bd3 O-O 7. h3 Re8 8. Be3
d5 9. e5 c5 10. exf6 Bxf6 11. Ndb5 d4 12. Qh5 Rxe3+ 13. fxe3 Bh4+ 14. Ke2 g6 15.
Qd5 Qe7 16. Ne4 Na6 17. Qd6 Qe8 18. g3 Bf5 19. Qf4 Be7 20. Nbd6 Bxd6 21. Nxd6
Bxd3+ 22. cxd3 Qe7 23. Qxf7+ Qxf7 24. Nxf7 Kxf7 25. Rhf1+ Ke7 26. exd4 Re8 27.
dxc5 Nxc5 28. Kd2 Kd6 29. b4 Nd7 30. Rae1 Ne5 31. Rf6+ Kd5 32. Rxe5+ Rxe5 33.
Rf7 Rh5 34. h4 Kc6 35. a4 g5 36. b5+ Kb6 37. Rf5 Ka5 38. d4 Kxa4 39. Kc3 Ka5 40.
Kc4 Kb6 41. d5 a5 42. d6 Rh6 43. Rd5 {Black resigns} 1-0

[Event "Team 45 45 League T37"]
[Site "Internet Chess Club"]
[Date "2008.05.03"]
[Round "2"]
[White "kabindra"]
[Black "alo"]
[Result "1/2-1/2"]
[WhiteElo "1875"]
[BlackElo "1831"]
[Opening "Scotch gambit: Dubois-Réti defense"]
[ECO "C55"]
[Time "10:30:34"]
[TimeControl "2700+45"]

1. e4 e5 2. Nf3 Nc6 3. d4 exd4 4. Bc4 Nf6 5. e5 d5 6. Bb5 Ne4 7. Nxd4 Bd7 8.
Bxc6 bxc6 9. O-O c5 10. f3 Ng5 11. f4 Ne4 12. e6 fxe6 13. Qh5+ g6 14. Qe5 Qf6
15. Nf3 Bd6 16. Qxf6 Nxf6 17. Ne5 Bxe5 18. fxe5 Ne4 19. Nd2 Bb5 20. Nxe4 dxe4
{Game drawn by mutual agreement} 1/2-1/2

[Event "Team 45 45 League T37"]
[Site "Internet Chess Club"]
[Date "2008.05.06"]
[Round "2"]
[White "GamePlayer"]
[Black "crazynights"]
[Result "0-1"]
[WhiteElo "1465"]
[BlackElo "1564"]
[Opening "Scotch: Schmidt variation"]
[ECO "C45"]
[Time "12:59:31"]
[TimeControl "2700+45"]

1. e4 e5 2. Nf3 Nc6 3. d4 exd4 4. Nxd4 Nf6 5. Nxc6 bxc6 6. Bc4 Nxe4 7. Qe2 Qe7
8. O-O d5 9. Re1 Nd6 10. Bg5 f6 11. Bxf6 Qxe2 12. Rxe2+ Kf7 13. Bd8 Nxc4 14. b3
Ba6 15. Bxc7 Bd6 16. Bxd6 Nxd6 17. Re1 Rhe8 18. Nc3 Rxe1+ 19. Rxe1 Re8 20. Rxe8
Kxe8 21. f3 Ke7 22. Kf2 Nf5 23. Na4 Kd6 24. c3 d4 25. cxd4 Nxd4 26. Ke3 Ne6 27.
b4 Kd5 28. Nb2 Nd4 29. Kd2 Bc4 30. a3 Nb5 31. a4 Nd6 32. Kc3 Bf1 33. Nd3 Bxd3
34. Kxd3 a6 35. g3 Nc4 36. Kc3 Ne3 37. h4 Nf5 38. b5 cxb5 39. axb5 axb5 40. Kb4
Kc6 41. g4 Nxh4 42. f4 Ng2 {White resigns} 0-1

[Event "Team 45 45 League T37"]
[Site "Internet Chess Club"]
[Date "2008.05.03"]
[Round "2"]
[White "Nosferatu1"]
[Black "FiendAngelical"]
[Result "0-1"]
[WhiteElo "1834"]
[BlackElo "1895"]
[Opening "King's Indian: East Indian defense"]
[ECO "A48"]
[Time "17:56:48"]
[TimeControl "2700+45"]

1. d4 Nf6 2. Nf3 g6 3. Nc3 d5 4. Bf4 Bg7 5. e3 O-O 6. Bd3 c5 7. O-O Nc6 8. Ne5
Nh5 9. Nxc6 bxc6 10. Be5 cxd4 11. Bxg7 Nxg7 12. exd4 Qb6 13. Na4 Qxd4 14. c3 Qf6
15. Qc2 e5 16. f3 Bf5 17. Nc5 Bxd3 18. Qxd3 Qe7 19. b4 a5 20. a3 Ne6 21. Nxe6
Qxe6 22. Rfe1 Rfd8 23. Qe3 f6 24. Qc5 Qd6 25. Qxd6 Rxd6 26. Kf2 Kf7 27. g3 Rd7
28. Re2 Rda7 29. Rb1 Rb8 30. Reb2 Rab7 31. Ke3 Ke6 32. h3 axb4 33. axb4 c5 34.
Kd3 c4+ 35. Kd2 Ra8 36. Kc2 Kd6 37. Rc1 Ra3 38. Rd1 Rba7 39. Rdb1 Ra2 40. Rf1 d4
41. Rxa2 Rxa2+ 42. Kb1 Ra3 43. cxd4 Rb3+ 44. Kc2 exd4 45. Ra1 Rxb4 46. Ra6+ Kd5
47. Rxf6 d3+ 48. Kd2 Rb2+ 49. Ke3 Re2+ 50. Kf4 d2 51. Rf8 Re6 52. Rf5+ gxf5 53.
Kxf5 d1=Q 54. f4 Qd3+ 55. Kg4 Rg6+ 56. Kh4 Qxg3+ 57. Kh5 Qxh3# {White
checkmated} 0-1

[Event "Team 45 45 League T37"]
[Site "Internet Chess Club"]
[Date "2008.05.04"]
[Round "2"]
[White "Kalhalla"]
[Black "AVEMARIA"]
[Result "1/2-1/2"]
[WhiteElo "1788"]
[BlackElo "1723"]
[Opening "Sicilian defense"]
[ECO "B44"]
[Time "10:02:23"]
[TimeControl "2700+45"]

1. e4 c5 2. Nf3 e6 3. d4 cxd4 4. Nxd4 Nc6 5. Be3 Qc7 6. c4 a6 7. Nc3 Nf6 8. a3
d6 9. Be2 Be7 10. b4 Ne5 11. Qb3 Bd7 12. Rc1 Neg4 13. Bg5 e5 14. Nc2 h6 15. Bh4
g5 16. Bg3 h5 17. h3 Nh6 18. Ne3 Be6 19. Ned5 Bxd5 20. Nxd5 Nxd5 21. exd5 Nf5
22. Qd3 Nd4 23. O-O Qd7 24. Bd1 Rc8 25. Bh2 g4 26. hxg4 hxg4 27. Qg3 f5 28. f4
Bh4 29. Qe3 g3 30. Bxg3 Bxg3 31. Qxg3 Qe7 32. fxe5 dxe5 33. c5 Kf7 34. d6 Qe6
35. Rc3 Rcg8 36. Qe3 Qg6 37. Bf3 Nxf3+ 38. Qxf3 Ke6 39. Rc2 e4 40. Qb3+ Kd7 41.
Qd5 Qg3 42. c6+ bxc6 43. Qxc6+ Ke6 44. d7+ Ke7 45. Qc5+ Qd6 46. Qxf5 Qh2+ 47.
Kf2 Rxg2+ 48. Ke1 Qg3+ 49. Kd1 Qd3+ 50. Ke1 Qe3+ 51. Kd1 Qd3+ 52. Ke1 Qe3+ 53.
Kd1 Qd3+ 54. Ke1 {Game drawn by repetition} 1/2-1/2

[Event "Team 45 45 League T37"]
[Site "Internet Chess Club"]
[Date "2008.05.01"]
[Round "2"]
[White "mongmong"]
[Black "Bega"]
[Result "0-1"]
[WhiteElo "1519"]
[BlackElo "1762"]
[Opening "Queen's pawn: Yusupov-Rubinstein system"]
[ECO "A46"]
[Time "10:03:34"]
[TimeControl "2700+45"]

1. d4 Nf6 2. Nf3 e6 3. e3 b6 4. Bd3 Bb7 5. Nbd2 c5 6. c3 d5 7. O-O c4 8. Bc2 Be7
9. Qe2 Nbd7 10. e4 dxe4 11. Nxe4 Nxe4 12. Bxe4 Bxe4 13. Qxe4 O-O 14. Ne5 Rc8 15.
Nc6 Nf6 16. Nxe7+ Qxe7 17. Qe2 h6 18. Bf4 Nd5 19. Qg4 Nxf4 20. Qxf4 Rfe8 21.
Rfe1 Qd7 22. Re2 b5 23. Rae1 a5 24. Qg4 Red8 25. f4 b4 26. Qf3 Qa4 27. cxb4 axb4
28. b3 cxb3 29. axb3 Qa7 30. Qd3 Rxd4 {White resigns} 0-1

[Event "Team 45 45 League T37"]
[Site "Internet Chess Club"]
[Date "2008.05.05"]
[Round "2"]
[White "parrot9"]
[Black "hondocando"]
[Result "1-0"]
[WhiteElo "1688"]
[BlackElo "1689"]
[Opening "Sicilian: dragon, Yugoslav attack, 7...O-O"]
[ECO "B76"]
[Time "12:31:13"]
[TimeControl "2700+45"]

1. e4 c5 2. Nf3 d6 3. d4 cxd4 4. Nxd4 Nf6 5. Nc3 g6 6. f3 Bg7 7. Be3 O-O 8. Qd2
Nc6 9. Nb3 a5 10. Bb5 Qc7 11. f4 Nd7 12. O-O Kh8 13. f5 Nde5 14. h3 Kg8 15. Bh6
Bd7 16. Bxg7 Kxg7 17. Nd5 Qd8 18. a3 Rh8 19. Rad1 Na7 20. Bxd7 Nxd7 21. Nxa5 Nc5
22. f6+ exf6 23. Nxf6 Ne6 24. Nc4 Qc7 25. Qc3 Kh6 26. Ng4+ Kh5 27. Nf6+ Kh6 28.
Ng4+ Kh5 29. Rd5+ g5 30. Qf6 h6 31. Qxf7+ Qxf7 32. Rxf7 b5 33. Nxd6 Nc6 34. Rf6
Ned4 35. c3 Ne2+ 36. Kh2 Ne7 37. Rxb5 Ng6 38. Rb6 Rab8 39. Nf5 Rxb6 40. Rxb6
{Black resigns} 1-0